 Dungeon Crawl Stone Soup version 0.18.1-50-g88ac8fd (webtiles) character file.

3490 Korbac the Spear-Bearer (level 10, -3/94 HPs)
             Began as a Naga Gladiator on Oct 16, 2016.
             Was a Believer of Nemelex Xobeh.
             Slain by a cyan ugly thing (10 damage)
             ... on level 11 of the Dungeon.
             The game lasted 00:48:18 (6810 turns).

Korbac the Spear-Bearer (Naga Gladiator)            Turns: 6810, Time: 00:48:20

Health: -3/94      AC: 22    Str: 33    XL:     10   Next: 7%
Magic:  10/10      EV:  6    Int:  9    God:    Nemelex Xobeh [**....]
Gold:   387        SH:  5    Dex: 12    Spells: 0 memorised, 9 levels left

rFire  . . .     SeeInvis +     a - +0 trident
rCold  . . .     Gourm    .     B - +0 plate armour
rNeg   + . .     Faith    .     C - +2 buckler
rPois  +         Spirit   .     c - +0 helmet
rElec  .         Dismiss  .     s - +0 cloak
rCorr  .         Reflect  .     y - +0 pair of gloves {Str+3}
SustAt .         Harm     .     k - +2 naga barding
MR     +....                    H - amulet of regeneration
Stlth  ..........               t - ring of poison resistance
                                m - ring of positive energy

@: immense fortitude, very slow, somewhat resistant to hostile enchantments,
extremely unstealthy
A: see invisible, deformed body, poison resistance, slowness 2, slow metabolism
1, spit poison 3, sturdy frame 1, AC +3
a: Breathe Poison Gas, Renounce Religion


You were on level 11 of the Dungeon.
You worshipped Nemelex Xobeh.
Nemelex Xobeh was pleased with you.
You were not hungry.

You visited 1 branch of the dungeon, and saw 10 of its levels.

You collected 387 gold pieces.

Inventory:

Hand Weapons
 a - a +0 trident (weapon)
 b - a +0 hunting sling
Missiles
 p - 146 stones (quivered)
Armour
 c - a +0 helmet (worn)
 k - a +2 naga barding (worn)
 s - a +0 cloak (worn)
 y - a +0 pair of gloves of strength (worn)
 B - a +0 plate armour (worn)
 C - a +2 buckler (worn)
Jewellery
 m - a ring of positive energy (left hand)
 r - an uncursed ring of ice
 t - a ring of poison resistance (right hand)
 z - an uncursed amulet of the gourmand
 H - an amulet of regeneration (around neck)
Wands
 o - a wand of polymorph (3/24)
 J - a wand of random effects (22/48)
Scrolls
 l - 2 scrolls of magic mapping
 n - a scroll of brand weapon {unknown}
 u - a scroll of random uselessness
 v - a scroll of remove curse
Potions
 e - 2 potions of might
 h - 2 potions of cure mutation
 i - a potion of magic {unknown}
 j - 3 potions of lignification
 q - 2 potions of flight
 w - a potion of agility {unknown}
 x - a potion of mutation {unknown}
 A - a potion of brilliance {unknown}
 D - a potion of berserk rage
Miscellaneous
 f - a plain deck of destruction {drawn: 1}
 I - a plain deck of war {drawn: 3}
Comestibles
 E - a beef jerky
 F - 4 bread rations


   Skills:
 * Level 7.1 Fighting
 * Level 8.3 Polearms
 + Level 1.7 Throwing
 + Level 6.7 Armour
 + Level 4.4 Dodging
 * Level 0.4 Shields
 + Level 1.3 Evocations


You had 9 spell levels left.
You didn't know any spells.

Dungeon Overview and Level Annotations

Branches:
Dungeon (9/15)             Temple (0/1) D:6
   Lair: D:8-11         Orc: D:9-12

Altars:
Nemelex Xobeh
Sif Muna
Trog

Shops:
D:5 %   D:6 :


Innate Abilities, Weirdness & Mutations

You cannot wear boots.
Your serpentine skin is tough (AC +3).
You have supernaturally acute eyesight.
Armour fits poorly on your strangely shaped body.
Your system is resistant to poisons.
You cover ground very slowly.
You have a slow metabolism.
You can exhale a cloud of poison.
Your movements are slightly less encumbered by armour (ER -2).


Message History

Nemelex Xobeh is pleased with you.
Attack whom?
Press: ? - help, Dir - move target cursor, f/p - cyan ugly thing
Aim: a cyan ugly thing (severely wounded)
Okay, then.
Evoke which item? (* to show all) (? for menu, Esc to quit)
You draw a card...
It is Fortitude.
You are filled with a great fortitude.
The cyan ugly thing headbutts you but does no damage.
The cyan ugly thing headbutts you but does no damage.
You feel less exhausted.
The cyan ugly thing headbutts you but does no damage.
There is an open door here.
You closely miss the cyan ugly thing.
The cyan ugly thing is severely wounded.
The cyan ugly thing headbutts you!
* * * LOW HITPOINT WARNING * * *
The cyan ugly thing shocks you!
You die...
Your body disappears without a glow.

#.# #.# #.# #.# #.#
#######+## ###'###
#........######.....#
#........'....#.###.#
#(.......####u@.....#
#........# #######.#
###'###### #(## #..#
##'### #....# #....#
#.†..#


You could see a cyan ugly thing.

Vanquished Creatures
  Sigmund (D:3)
  A spriggan (D:8)
  A hungry ghost (D:7)
  2 hippogriffs
  A porcupine (D:7)
  An orc warrior (D:5)
  4 ice beasts
  2 sky beasts
  2 ogres (D:7)
  A necrophage (D:7)
  4 centaurs
  4 giant frogs
  4 scorpions (D:4)
  A giant frog zombie (D:8)
  A centaur zombie (D:5)
  2 crimson imps (D:7)
  A quasit (D:6)
  3 hounds
  A giant frog skeleton (D:4)
  An orc priest (D:7)
  2 jellies
  An iguana (D:6)
  6 orc wizards
  8 worker ants
  A killer bee zombie (D:8)
  Robin (D:3)
  3 gnolls
  A worker ant zombie (D:7)
  3 adders
  2 oozes
  2 worms (D:2)
  2 dart slugs
  5 giant geckos
  14 orcs
  9 giant cockroaches
  20 goblins
  9 hobgoblins
  20 jackals
  5 kobolds
  4 quokkas
  2 ball pythons
  7 bats
  A giant gecko zombie (D:7)
  6 giant newts
  A quokka skeleton (D:6)
  11 rats
184 creatures vanquished.

Vanquished Creatures (collateral kills)
  An orc priest (D:8)
  An orc wizard (D:8)
  An orc (D:8)
3 creatures vanquished.

Vanquished Creatures (others)
  An orc wizard (D:6)
1 creature vanquished.

Grand Total: 188 creatures vanquished

Notes
Turn   | Place    | Note
--------------------------------------------------------------
     0 | D:1      | Korbac the Naga Gladiator began the quest for the Orb.
     0 | D:1      | Reached XP level 1. HP: 19/19 MP: 1/1
   156 | D:1      | Reached XP level 2. HP: 13/26 MP: 2/2
   635 | D:2      | Reached XP level 3. HP: 23/33 MP: 3/3
   769 | D:2      | Reached skill level 1 in Armour
  1080 | D:2      | Reached XP level 4. HP: 40/40 MP: 4/4
  1245 | D:2      | Reached skill level 4 in Polearms
  1417 | D:3      | Noticed Sigmund
  1433 | D:3      | Killed Sigmund
  1433 | D:3      | Reached XP level 5. HP: 37/49 MP: 5/5
  1433 | D:3      | Reached XP level 6. HP: 43/56 MP: 6/6
  1562 | D:3      | Noticed Robin
  1622 | D:3      | Killed Robin
  2005 | D:3      | Reached skill level 5 in Polearms
  2315 | D:4      | Reached XP level 7. HP: 23/62 MP: 7/7
  2779 | D:5      | Entered Level 5 of the Dungeon
  3217 | D:5      | Reached XP level 8. HP: 63/72 MP: 8/8
  3279 | D:5      | Reached skill level 6 in Polearms
  3304 | D:5      | Gained mutation: You can exhale a cloud of poison. [mutagenic meat]
  3318 | D:5      | Gained mutation: Your movements are slightly less encumbered by armour (ER -2). [mutagenic meat]
  3490 | D:5      | Found Gideecet's Food Emporium.
  3500 | D:5      | Found a bloodstained altar of Trog.
  3500 | D:5      | Found a deep blue altar of Sif Muna.
  3783 | D:5      | Reached skill level 5 in Fighting
  4616 | D:6      | Found a sparkling altar of Nemelex Xobeh.
  4620 | D:6      | Became a worshipper of Nemelex Xobeh the Trickster
  4632 | D:6      | Found Caov's Book Emporium.
  4951 | D:6      | Reached skill level 5 in Armour
  4952 | D:6      | Found a staircase to the Ecumenical Temple.
  4986 | D:6      | Reached XP level 9. HP: 75/81 MP: 9/9
  5133 | D:6      | Received a gift from Nemelex Xobeh
  5529 | D:7      | Reached skill level 7 in Polearms
  5700 | D:7      | Reached * piety under Nemelex Xobeh
  5775 | D:7      | Received a gift from Nemelex Xobeh
  6377 | D:8      | Received a gift from Nemelex Xobeh
  6402 | D:8      | Reached skill level 8 in Polearms
  6622 | D:8      | Reached skill level 1 in Evocations
  6622 | D:8      | Reached XP level 10. HP: 79/94 MP: 10/10
  6670 | D:8      | Reached ** piety under Nemelex Xobeh
  6709 | D:8      | You fall through a shaft for 3 floors!
  6756 | D:11     | Noticed a white ugly thing
  6810 | D:11     | Slain by a cyan ugly thing

Skill      XL: |  1  2  3  4  5  6  7  8  9 |
---------------+----------------------------+-----
Armour         | 1 2 4 5 6 |  6.7
Polearms       | 4 5 6 8 |  8.3
Fighting       | 3 4 5 7 |  7.1
Dodging        | 3 4 |  4.4
Evocations     | 1 |  1.3
Throwing       | |  1.7
Shields        | |  0.4

Action                   |  1- 3 |  4- 6 |  7- 9 | 10-12 || total
-------------------------+-------+-------+-------+-------++-------
Melee: Trident           |   128 |   226 |   520 |    30 ||   904
 Fire: Hunting sling     |     1 |       |       |       ||     1
Throw: Throwing net      |       |       |       |     5 ||     5
 Abil: Spit Poison       |       |     4 |       |       ||     4
       Breathe Poison Ga |       |       |     1 |       ||     1
Evoke: Wand              |       |       |     2 |     1 ||     3
       Deck              |       |       |    12 |     2 ||    14
  Use: Scroll            |     4 |     8 |     9 |     2 ||    23
       Potion            |       |     1 |       |     1 ||     2
  Eat: Bread ration      |       |     1 |     1 |       ||     2
       Meat ration       |       |     1 |     2 |       ||     3
       Chunk             |       |       |     2 |       ||     2
       Beef jerky        |       |       |     2 |       ||     2
       Fruit             |       |       |     6 |       ||     6
       Royal jelly       |       |       |     1 |       ||     1
Armor: Ring mail         |    71 |   209 |    76 |       ||   356
       Leather armour    |    18 |       |       |       ||    18
       Plate armour      |       |       |   375 |    38 ||   413
Dodge: Dodged            |    57 |   134 |   174 |     5 ||   370
Block: Buckler           |       |       |       |     6 ||     6
